 Dungeon Crawl Stone Soup version 0.17-a0-777-g32247ce (webtiles) character file.

223 lorenzova the Vexing (level 5, -1/35 HPs)
             Began as a Vampire Enchanter on Apr 25, 2015.
             Slain by Blork the orc
             ... wielding a +6 halberd of freezing
              (7 damage)
             ... on level 4 of the Dungeon.
             The game lasted 00:09:23 (3923 turns).

lorenzova the Vexing (Vampire Enchanter)            Turns: 3923, Time: 00:09:23

Health: -1/35      AC:  2    Str:  7    XL:     5   Next: 66%
Magic:  2/10       EV: 13    Int: 17    God:
Gold:   48         SH:  0    Dex: 16    Spells: 3 memorised, 5 levels left

rFire  . . .     SeeInvis +     n - +1 short sword (drain)
rCold  + + .     Clarity  .     s - +0 robe (curse)
rNeg   + + +     SustAb   .     (no shield)
rPois  +         Gourm    .     (no helmet)
rElec  .         Spirit   .     (no cloak)
rCorr  +         Warding  .     (no gloves)
rMut   .         Stasis   .     (no boots)
MR     .....                    r - amulet of resist corrosion
Stlth  +++.......               (no ring)
                                (no ring)

@: regenerating slowly, not resistant to hostile enchantments, fairly stealthy
A: fangs 3, see invisible, unbreathing
a: Bat Form


You were on level 4 of the Dungeon.
You were near bloodless.

You visited 1 branch of the dungeon, and saw 4 of its levels.

You collected 48 gold pieces.

Inventory:

Hand weapons
 a - a +1 dagger
 n - a +1 short sword of draining (weapon)
 t - a +0 dagger of venom
 u - a +0 dagger of protection
Armour
 b - a +1 robe
 s - a cursed +0 robe (worn)
Jewellery
 r - an amulet of resist corrosion (around neck)
Magical devices
 l - a wand of fireball (7)
Scrolls
 e - 3 scrolls of fog {unknown}
 g - a scroll of recharging {unknown}
 i - 6 scrolls of identify {unknown}
 k - a scroll of remove curse {unknown}
 m - a scroll of teleportation {unknown}
 o - 2 scrolls of amnesia {unknown}
 p - 2 scrolls of blinking {unknown}
 v - a scroll of magic mapping {unknown}
Potions
 d - 14 potions of blood
 f - 4 potions of heal wounds {unknown}
 h - 2 potions of brilliance {unknown}
 j - a potion of agility {unknown}
 q - a potion of curing {unknown}
Books
 c - a book of Maledictions

   Spells                             Type                      Level
   a - Corona                         Hexes                        1
   b - Ensorcelled Hibernation        Hexes/Ice                    2
   c - Confuse                        Hexes                        3
   d - Tukima's Dance                 Hexes                        3
   e - Dazzling Spray                 Conjuration/Hexes            3


   Skills:
 - Level 1.1 Short Blades
 - Level 2.4 Dodging
 - Level 4.9 Stealth
 + Level 3.7 Spellcasting
 + Level 7.3 Hexes


You had 5 spell levels left.
You knew the following spells:

 Your Spells              Type           Power        Failure   Level  Hunger
a - Corona                Hex            ####...      1%          1    None
b - Ensorcelled Hibernat  Hex/Ice        ###...       6%          2    ##.....
c - Confuse               Hex            ####....     2%          3    ###....


Dungeon Overview and Level Annotations

Branches:
Dungeon (4/15)
 Temple: D:4-7

Altars:
Ashenzari
Makhleb

Annotations:
D:4 Blork the orc


Innate Abilities, Weirdness & Mutations

You heal slowly.
You have razor-sharp teeth.
You have supernaturally acute eyesight.
You can survive without breathing.


Message History

Blork the orc seems to speed up.
Casting: Confuse
Confirm with . or Enter, or press ? or * to list all spells.
Aiming: Confuse
Press: ? - help, Shift-Dir - straight line, f/p - Blork the orc
Aim: Blork the orc, wielding a halberd of freezing and wearing a glowing robe (heavily wounded, fast, chance 57%) Blork the orc resists with almost no effort.
Blork the orc barely misses you.
Blork the orc points at you and mumbles some strange words.
The puff of flame hits you!
* * * LOW HITPOINT WARNING * * *
Blork the orc gestures at you while chanting.
The puff of frost hits you! You resist.
* * * LOW HITPOINT WARNING * * *
Blork the orc closely misses you.
Blork the orc casts a spell.
You feel a wave of unholy energy pass over you.
Blork the orc screams, "I don't like you!"
Blork the orc hits you from afar with a halberd of freezing!
You die...

#..)....)...'.......#.....
#.......#...#.......#.....
##.....##...##.....##.....
##...###...###...##......
##### #...# #####.......
#...# #...# #...##......
.....##...##.... ##.....
.......#...#...... #..###
.......)@..'...... .
.......#...#......
.....##.o.##....
#...###...###...
######......#####
........?......#
...######...##... ..#
#.##...... . #.........


You could see Blork the orc.

Vanquished Creatures
  Ijyb (D:2)
  A worker ant (D:4)
  8 adders
  An adder skeleton (D:4)
  A worm (D:2)
  A giant gecko (D:2)
  13 orcs
  12 goblins
  10 hobgoblins
  2 jackals (D:4)
  8 kobolds
  A quokka (D:3)
  4 ball pythons
  5 bats
  10 giant cockroaches
  2 giant newts
  10 rats
90 creatures vanquished.

Notes
Turn   | Place    | Note
--------------------------------------------------------------
     0 | D:1      | lorenzova, the Vampire Enchanter, began the quest for the Orb.
     0 | D:1      | Reached XP level 1. HP: 13/13 MP: 3/3
   523 | D:1      | Reached XP level 2. HP: 19/19 MP: 5/5
   543 | D:1      | Learned a level 2 spell: Ensorcelled Hibernation
  1012 | D:2      | Found a burning altar of Makhleb.
  1013 | D:2      | Noticed a green death
  1022 | D:2      | Reached skill level 5 in Hexes
  1022 | D:2      | Reached XP level 3. HP: 24/24 MP: 1/6
  1624 | D:2      | Noticed Ijyb
  1659 | D:2      | Killed Ijyb
  1659 | D:2      | Reached skill level 6 in Hexes
  1659 | D:2      | Reached XP level 4. HP: 15/30 MP: 0/8
  2211 | D:3      | Reached XP level 5. HP: 33/35 MP: 1/9
  2322 | D:3      | Found a shattered altar of Ashenzari.
  3137 | D:3      | Reached skill level 7 in Hexes
  3501 | D:4      | Learned a level 3 spell: Confuse
  3907 | D:4      | Noticed Blork the orc
  3923 | D:4      | Slain by Blork the orc

Action                   |  1- 3 |  4- 6 || total
-------------------------+-------+-------++-------
Melee: Dagger            |   110 |    99 ||   209
       Short sword       |       |    52 ||    52
 Cast: Corona            |     2 |       ||     2
       Ensorcelled Hiber |     8 |    22 ||    30
       Confuse           |       |     4 ||     4
  Use: Potion            |     9 |       ||     9
 Stab: Sleeping          |    10 |    30 ||    40
       Distracted        |       |     1 ||     1
